 Dungeon Crawl Stone Soup version 0.31.0-12-g77e489cdc1 (webtiles) character file.

Game seed: 17665827054203607963

90 PriceMaster the Covered (level 4, 0/40 HPs)
             Began as a Minotaur Fighter on Feb 17, 2024.
             Slain by a gnoll
             ... wielding a +3 halberd
              (14 damage)
             ... on level 3 of the Dungeon.
             The game lasted 00:02:57 (2413 turns).

PriceMaster the Covered (Minotaur Fighter)          Turns: 2413, Time: 00:02:58

Health: 0/40       AC:  6    Str: 23    XL:     4   Next: 32%
Magic:  3/3        EV:  6    Int:  5    God:
Gold:   80         SH:  0    Dex:  9    Spells: 2/3 levels left

rFire   . . .        a - +0 long sword
rCold   . . .        c - +0 buckler
rNeg    + . .        r - +2 leather armour {rN+}
rPois   .            (helmet restricted)
rElec   .            (no cloak)
rCorr   .            j - +0 pair of gloves
SInv    .            (no boots)
Will    .....        (no amulet)
Stlth   +            (no ring)
HPRegen 0.26/turn    (no ring)
MPRegen 0.08/turn

%: no passive effects
@: held
A: horns 2, retaliatory headbutt
a: no special abilities


You were on level 3 of the Dungeon.
You visited 1 branch of the dungeon, and saw 3 of its levels.

You collected 80 gold pieces.

Inventory:

Hand Weapons
 a - a +0 long sword (weapon)
Armour
 b - a +0 scale mail
 c - a +0 buckler (worn)
 j - a +0 pair of gloves (worn)
 r - a +2 leather armour of positive energy (worn)
Jewellery
 h - an amulet of reflection
Talismans
 g - a dragon-blood talisman
Scrolls
 e - 2 scrolls of teleportation
 k - a scroll of vulnerability
Potions
 n - a potion of brilliance {unknown}
 o - a potion of ambrosia {unknown}


   Skills:
 + Level 4.2 Fighting
 + Level 3.7 Long Blades
 + Level 4.3 Armour
 + Level 0.6 Dodging
 + Level 4.0 Shields
 * Level 0.6 Shapeshifting


You had 2 spell levels left.
You knew the following spells:

 Your Spells              Type           Power      Damage    Failure   Level
a - Kiss of Death         Conj/Necr      0%         2d5       58%         1

Your spell library contained the following spells:

 Spells                   Type           Power      Damage    Failure   Level
 Confusing Touch          Hex            0%         N/A       91%         3
 Summon Ice Beast         Ice/Summ       0%         N/A       91%         3
 Dispel Undead            Necr           0%         3d6       100%        4
 Summon Mana Viper        Hex/Summ       0%         N/A       100%        5
 Monstrous Menagerie      Summ           0%         N/A       100%        7


Dungeon Overview and Level Annotations

Branches:
Dungeon (3/15)

Altars:

Annotations:
D:1 1 runed translucent door


Innate Abilities, Weirdness & Mutations

You have a pair of horns on your head.
You reflexively headbutt those who attack you in melee.


Message History

You feel a strange sense of stasis.
It was a scroll of teleportation.
The gnoll hits you but does no damage.
The gnoll hits you from afar with a +3 halberd!
As you read the scroll labelled XAISUR BOZORAL, it crumbles to dust.
You hear a loud clanging noise!
It was a scroll of noise.
You block the gnoll's attack. The gnoll hits you but does no damage.
As you read the scroll labelled HOUNECLOEDD, it crumbles to dust.
A wave of despondency washes over your surroundings.
It was a scroll of vulnerability.
The gnoll hits you from afar with a +3 halberd.
As you read the scroll labelled FEPTIBRENI, it crumbles to dust.
You feel aware of your surroundings.
You sensed 1 altar, and 1 shop/portal.
It was a scroll of revelation.
The gnoll hits you but does no damage.
As you read the scroll labelled JIGEME KIHUSSUMA, it crumbles to dust.
You feel a surge of unholy energy.
The gnoll convulses! x3
It was a scroll of torment.
The gnoll throws a throwing net.
The throwing net hits you.
You become entangled in the net!
The gnoll hits you from afar with a +3 halberd!
As you read the scroll of torment, it crumbles to dust.
You feel a surge of unholy energy.
The gnoll convulses! x4
The gnoll hits you but does no damage. The gnoll barely misses you.
As you read the scroll labelled XYXAXI DOOSHRY, it crumbles to dust.
It is a scroll of amnesia.
Okay, then.
The gnoll hits you but does no damage. x2
You aren't carrying any items that you can evoke.
It was a potion of cancellation.
Your magical effects are unravelling.
You feel magically purged.
You feel less wooden.
Your +0 pair of gloves unmelds from your body.
Your +2 leather armour of positive energy unmelds from your body.
You feel more protected from negative energy.
You feel a little less mighty now.
You feel your willpower return.
The gnoll hits you from afar with a +0 spear.
The gnoll hits you from afar with a +3 halberd!
You struggle against the net.
The gnoll barely misses you.
The gnoll hits you from afar with a +3 halberd!
You die...

******,,,,,**,,....#*,,,,,,,,*~~~
*,,###..#......##...,,,,,*~~~
*,,#.#..#......##...,,,,,****
*###.#######...##...,,,,,,,,,
#>..#######...##...,,,,**,,,
#....######gg.##...,,,,**,,*
#....######gg.#####******,**
#....######.####### *,*
#....######@####### *,*
######....######.####### *,*
..........######....##### *,**
....).....#######.#.....#### *,,,
.รท........#######..........##****
.)........####...#...##...#.#
.)......######.#..#..##..#..##
........######.#...#....#....##
...............#....#..#......###


You could see 4 gnolls.

Vanquished Creatures
  2 adders (D:2)
  3 dart slugs
  2 ribbon worms
  An orc (D:3)
  5 endoplasms
  3 giant cockroaches
  6 hobgoblins
  3 quokkas
  7 ball pythons
  9 bats
  4 frilled lizards
  7 goblins
  4 kobolds
  3 rats
59 creatures vanquished.

Notes
Turn   | Place    | Note
-------+----------+-------------------------------------------
     0 | D:1      | PriceMaster the Minotaur Fighter began the quest for the
                  | Orb.
     0 | D:1      | Reached XP level 1. HP: 19/19 MP: 0/0
     1 | D:1      | Found a runed translucent door.
     2 | D:1      | Noticed a jelly
   176 | D:1      | Reached XP level 2. HP: 27/27 MP: 1/1
  1086 | D:2      | Reached XP level 3. HP: 33/33 MP: 2/2
  1372 | D:2      | Found a faded altar of an unknown god.
  1849 | D:3      | Reached XP level 4. HP: 39/40 MP: 3/3
  2253 | D:3      | Learned a level 1 spell: Kiss of Death
  2413 | D:3      | Slain by a gnoll

Illustrated notes

Levels and vault maps discovered:
D:1:      dpeg_arrival_caged_fury, layout_loops_corners, minmay_split_cup_small
D:2:      layout_loops_ring, shapermc_ecumenical_altar_flowoftime, minmay_cupped
D:3:      layout_basic, hellmonk_okawaru_the_only_friend_you_need,
          gup_sewer_entry_glass, minivault_26, kennysheep_path_1

Skill      XL: |  1  2  3 |
---------------+----------+-----
Fighting       | 4 |  4.2
Armour         | 4 |  4.3
Shields        | 4 |  4.0
Long Blades    | 3 |  3.7
Dodging        | |  0.6
Shapeshifting  | |  0.6

Action                     |  1- 3 |  4- 6 || total
---------------------------+-------+-------++-------
  Melee: Long sword        |    97 |    31 ||   128
         Headbutt          |    12 |     4 ||    16
    Use: Scroll            |     1 |     7 ||     8
         Potion            |       |     3 ||     3
 Armour: Scale mail        |    63 |     9 ||    72
         Leather armour    |       |    11 ||    11
         Skin              |       |    11 ||    11
  Dodge: Dodged            |    53 |    19 ||    72
  Block: Buckler           |    17 |     7 ||    24
         Form:             |     1 |       ||     1
         Dragon            |     1 |       ||     1
